 Dungeon Crawl Stone Soup version 0.21.1-1-g345015fe64 (webtiles) character file.

93 Feydarkin the Gusty (level 4, 0/33 HPs)
             Began as a Draconian Air Elementalist on June 2, 2018.
             Killed by nerve-wracking pain
             ... invoked by Grinder
              (13 damage)
             ... while paralysed by Grinder
             ... on level 3 of the Dungeon.
             The game lasted 00:17:30 (2028 turns).

Feydarkin the Gusty (Draconian Air Elementalist)    Turns: 2028, Time: 00:17:31

Health: 0/33       AC:  6    Str: 10    XL:     4   Next: 37%
Magic:  1/8        EV:  2    Int: 15    God:
Gold:   69         SH:  0    Dex: 13    Spells: 7/8 levels left

rFire    . . .     SeeInvis .   i - +0 short sword (protect)
rCold    . . .     Gourm    .   (no shield)
rNeg     . . .     Faith    .   (armour unavailable)
rPois    .         Spirit   .   (helmet restricted)
rElec    .         Reflect  .   (no cloak)
rCorr    .         Harm     .   e - +0 pair of gloves
MR       .....                  (no boots)
Stlth    ++........             (no amulet)
HPRegen  0.11/turn              (no ring)
MPRegen  0.11/turn              (no ring)

@: paralysed
A: unfitting armour, cold-blooded, AC +5
a: no special abilities


You were on level 3 of the Dungeon.
You were hungry.

You visited 1 branch of the dungeon, and saw 3 of its levels.

You collected 69 gold pieces.

Inventory:

Hand Weapons
 g - a +0 dagger
 i - a +0 short sword of protection (weapon)
 l - a +0 dagger
Armour
 e - a +0 pair of gloves (worn)
Wands
 k - a wand of polymorph (9)
Scrolls
 c - a scroll of noise
 d - 2 scrolls of identify
 j - a scroll of immolation
 m - a scroll of blinking
 n - a scroll of enchant weapon {unknown}
 o - a scroll of amnesia {unknown}
 p - a scroll of random uselessness {unknown}
Potions
 f - a potion of haste {unknown}
 h - a potion of heal wounds {unknown}
Books
 a - a book of Air

   Spells                             Type                      Level
   a - Shock                          Conjuration/Air              1
   b - Swiftness                      Charms/Air                   2
   c - Static Discharge               Conjuration/Air              3
   d - Airstrike                      Air                          4
   e - Lightning Bolt                 Conjuration/Air              5
Comestibles
 b - 5 rations


   Skills:
 * Level 2.7 Dodging
 - Level 1.8 Stealth
 - Level 0.7 Unarmed Combat
 + Level 2.6 Spellcasting
 + Level 1.5 Conjurations
 + Level 3.7 Air Magic


You had 7 spell levels left.
You knew the following spells:

 Your Spells              Type           Power        Failure   Level  Hunger
a - Shock                 Conj/Air       #...         7%          1    #......


Dungeon Overview and Level Annotations

Branches:
Dungeon (3/15)

Altars:

Annotations:
D:3 Grinder


Innate Abilities, Weirdness & Mutations

Your plain brown scales are hard. (AC +5)
You cannot fit into any form of body armour.
You are cold-blooded and may be slowed by cold attacks.


Message History

You hit Grinder but do no damage.
Grinder is heavily wounded.
Grinder hits you but does no damage.
You closely miss Grinder.
Grinder is heavily wounded.
Grinder gestures at you.
You suddenly lose the ability to move!
Grinder gestures at you. Pain shoots through your body!
You can move again.
You barely miss Grinder.
Grinder is heavily wounded.
Grinder hits you.
You barely miss Grinder.
Grinder is heavily wounded.
Grinder gestures at you.
You suddenly lose the ability to move!
Grinder gestures at you. Pain shoots through your body!
You die...

.# #... .# #..#
###.# #..# ....
#..###### ##..#
#........ ...
#†####### #.# #.#
#5#######.#
#@.....##.########
######.K..........
#....[.####.#
#...(.(# #.#
#......###...
#......†.....
#.#.#.......#
#.#...#.###.#
#.##..#.# #


You could see Grinder and a kobold (wandering).

Vanquished Creatures
  Robin (D:3)
  An adder (D:3)
  A worm (D:2)
  2 dart slugs
  4 leopard geckos
  6 bats
  2 giant cockroaches
  14 goblins
  5 hobgoblins
  4 jackals (D:2)
  A quokka (D:2)
  A ball python (D:2)
  7 frilled lizards
  7 kobolds
  3 rats
59 creatures vanquished.

Notes
Turn   | Place    | Note
-------+----------+-------------------------------------------
     0 | D:1      | Feydarkin the Draconian Air Elementalist began the quest for the Orb.
     0 | D:1      | Reached XP level 1. HP: 14/14 MP: 3/3
   184 | D:1      | Reached XP level 2. HP: 10/20 MP: 5/5
  1137 | D:2      | Reached XP level 3. HP: 22/26 MP: 6/6
  1883 | D:3      | Noticed Robin
  1892 | D:3      | Killed Robin
  1892 | D:3      | Reached XP level 4. HP: 32/33 MP: 0/7
  2011 | D:3      | Noticed Grinder
  2024 | D:3      | Paralysed by Grinder for 2 turns
  2027 | D:3      | Paralysed by Grinder for 2 turns
  2028 | D:3      | Killed from afar by Grinder

Skill      XL: |  1  2 |
---------------+-------+-----
Dodging        | 2 |  2.7
Stealth        | |  1.8
Unarmed Combat | |  0.7
Spellcasting   | |  2.6
Conjurations   | |  1.5
Air Magic      | |  3.7

Action                   |  1- 3 |  4- 6 || total
-------------------------+-------+-------++-------
Melee: Unarmed           |    65 |       ||    65
       Tailslap          |    19 |       ||    19
       Dagger            |    41 |       ||    41
       Short sword       |    63 |    22 ||    85
 Cast: Shock             |    31 |    11 ||    42
  Use: Scroll            |     4 |       ||     4
 Stab: Sleeping          |     3 |       ||     3
  Eat: Ration            |     1 |       ||     1
Armor: Skin              |    94 |     6 ||   100
Dodge: Dodged            |   151 |    14 ||   165
